 Dungeon Crawl Stone Soup version 0.31.0-9-g3a7656b989 (webtiles) character file.

Game seed: 14932924448139232944

74 qw the Shooter (level 4, 0/25 HPs)
             Began as a Deep Elf Hunter on Feb 3, 2024.
             Killed from afar by Sigmund (3 damage)
             ... with a puff of flame
             ... on level 2 of the Dungeon.
             The game lasted 00:00:24 (767 turns).

qw the Shooter (Deep Elf Hunter)                     Turns: 767, Time: 00:00:24

Health: 0/25       AC:  3    Str: 10    XL:     4   Next: 9%
Magic:  6/6        EV: 12    Int: 14    God:
Gold:   83         SH:  0    Dex: 18    Spells: 3/3 levels left

rFire   . . .        a - +0 shortbow
rCold   . . .        (shield currently unavailable)
rNeg    . . .        c - +0 leather armour
rPois   .            (no helmet)
rElec   .            (no cloak)
rCorr   .            (no gloves)
SInv    .            (no boots)
Will    .....        (no amulet)
Stlth   ++           (no ring)
HPRegen 0.24/turn    (no ring)
MPRegen 0.10/turn

%: no passive effects
@: no status effects
A: no striking features
a: no special abilities


You were on level 2 of the Dungeon.
You visited 1 branch of the dungeon, and saw 2 of its levels.

You collected 83 gold pieces.


   Skills:
 - Level 1.5 Fighting
 + Level 7.5 Ranged Weapons
 - Level 2.4 Dodging
 - Level 1.2 Stealth


You had 3 spell levels left.
You didn't know any spells.
Your spell library was empty.

Inventory:

Hand Weapons
 a - a +0 shortbow (weapon)
Armour
 c - a +0 leather armour (worn)
Jewellery
 e - a ring of positive energy
Scrolls
 d - a scroll of poison {unknown}

Dungeon Overview and Level Annotations

Branches:
Dungeon (2/15)

Altars:

Annotations:
D:2 Sigmund


Message History

750 ||| FLEEEEING.
751 ||| FLEEEEING.
752 ||| FLEEEEING.
753 ||| FLEEEEING.
Sigmund points at you and mumbles some strange words.
You are confused.
754 ||| DRINKING grey potion.
It was a potion of curing.
You feel better.
Sigmund laughs darkly.
Sigmund mumbles some strange words.
Sigmund flickers and vanishes!
Deactivating autopickup; reactivate with Ctrl-A.
You hear an angry hiss.
You shoot an arrow.
A puff of flame appears from out of thin air!
The puff of flame hits you!
756 ||| FLEEEEING.
757 ||| FLEEEEING.
You shoot an arrow.
You hear a zap.
A puff of flame appears from out of thin air!
The puff of flame hits you!
You shoot an arrow. You shoot an arrow.
You hear a zap.
A puff of flame appears from out of thin air!
The puff of flame misses you.
761 ||| FLEEEEING.
You hear a zap.
A puff of flame appears from out of thin air!
The puff of flame hits you!
762 ||| FLEEEEING.
763 ||| FLEEEEING.
764 ||| FLEEEEING.
You shoot an arrow. You shoot an arrow. You shoot an arrow.
You hear a zap.
A puff of flame appears from out of thin air!
The puff of flame hits you.
You die...

#### ...# ...# ...#
..)##### .......#
...###.#############
........%......)@..####
#######.##########....#
#.......# ####{###
#.......# #...####
#.......###
###.K..#####
#.........# ####.....#
#####.#.#.# #####...
########...#.##########
.
#.[....................


There were no monsters in sight!

Vanquished Creatures
  3 adders (D:2)
  2 dart slugs
  A ribbon worm (D:2)
  3 bats
  4 endoplasms (D:1)
  4 giant cockroaches
  2 goblins (D:1)
  5 hobgoblins
  A quokka (D:1)
  A ball python (D:1)
  8 kobolds
  2 rats (D:1)
36 creatures vanquished.

Notes
Turn   | Place    | Note
-------+----------+-------------------------------------------
     0 | D:1      | qw the Deep Elf Hunter began the quest for the Orb.
     0 | D:1      | Reached XP level 1. HP: 12/12 MP: 3/3
     0 | D:1      | 0 ||| qw: Version: 0.3-a-155-g5e7d8dd
     0 | D:1      | 0 ||| qw: Game counter: 2913
     0 | D:1      | 0 ||| qw: Melee chars always use a shield: true
     0 | D:1      | 0 ||| qw: God list: Okawaru
     0 | D:1      | 0 ||| qw: Allow faded altars: false
     0 | D:1      | 0 ||| qw: Do Orc after clearing Dungeon:15 true
     0 | D:1      | 0 ||| qw: Do second Lair branch before Depths: true
     0 | D:1      | 0 ||| qw: Lair rune preference: random
     0 | D:1      | 0 ||| qw: Goals: Normal
     0 | D:1      | 0 ||| PLANNING D:1-11
    31 | D:1      | Reached XP level 2. HP: 16/16 MP: 4/4
    46 | D:1      | 46 ||| DROPPING scroll of butterflies.
    51 | D:1      | Reached skill level 6 in Ranged Weapons
   248 | D:1      | Reached XP level 3. HP: 8/20 MP: 5/5
   248 | D:1      | HP: 4/20 [hobgoblin (4)]
   450 | D:1      | 450 ||| READING scroll labelled ROHYMA UDASOQ XEI.
   451 | D:1      | 451 ||| READING scroll labelled ZEXIDO REOLA.
   484 | D:2      | HP: 5/20 [adder (2)]
   486 | D:2      | Reached skill level 7 in Ranged Weapons
   502 | D:2      | 502 ||| STAIRDANCE
   619 | D:2      | Reached XP level 4. HP: 15/25 MP: 6/6
   745 | D:2      | Noticed Sigmund
   749 | D:2      | 749 ||| FLEEEEING.
   750 | D:2      | 750 ||| FLEEEEING.
   751 | D:2      | 751 ||| FLEEEEING.
   752 | D:2      | 752 ||| FLEEEEING.
   753 | D:2      | 753 ||| FLEEEEING.
   754 | D:2      | 754 ||| DRINKING grey potion.
   756 | D:2      | 756 ||| FLEEEEING.
   757 | D:2      | 757 ||| FLEEEEING.
   761 | D:2      | 761 ||| FLEEEEING.
   761 | D:2      | HP: 2/25 [something/puff of flame (8)]
   762 | D:2      | 762 ||| FLEEEEING.
   763 | D:2      | 763 ||| FLEEEEING.
   764 | D:2      | 764 ||| FLEEEEING.
   767 | D:2      | Killed from afar by Sigmund

Levels and vault maps discovered:
D:1:      orjb1_clovarrival, layout_rooms, hangedman_glass_teeth
D:2:      layout_rooms, serial_shops, shop, mrwooster_statue_mirror,
          minmay_misc_feat_roman, chequers_serial_rivers_small_b, uniq_terence,
          uniq_crazy_yiuf_cottage, uniq_sigmund

Skill      XL: |  1  2  3 |
---------------+----------+-----
Ranged Weapons | 6 7 |  7.5
Fighting       | |  1.5
Dodging        | |  2.4
Stealth        | |  1.2

Action                     |  1- 3 |  4- 6 || total
---------------------------+-------+-------++-------
   Fire: Shortbow          |   108 |    19 ||   127
    Use: Scroll            |     2 |       ||     2
         Potion            |       |     1 ||     1
 Armour: Leather armour    |    32 |     8 ||    40
  Dodge: Dodged            |    28 |     1 ||    29

Table legend:
 A = Non-vault XP
 B = Vault XP
 C = Vault XP percentage of total XP
 D = Non-vault monster count
 E = Vault monster count
 F = Vault count percentage of total count
                 A         B        C        D         E       F
            +---------+---------+-------+---------+---------+-------
      Total |     106 |       0 |   0.0 |      36 |       0 |   0.0
            +---------+---------+-------+---------+---------+-------
        D:1 |      49 |       0 |   0.0 |      26 |       0 |   0.0
        D:2 |      57 |       0 |   0.0 |      10 |       0 |   0.0
            +---------+---------+-------+---------+---------+-------
